 Dungeon Crawl Stone Soup version 0.28.0-43-g3370ac3207 (webtiles) character file.

Game seed: 1851194060239002972

20 crimpus the Insei (level 2, -3/22 HPs)
             Began as a Demigod Transmuter on Mar 8, 2022.
             Slain by a kobold
             ... wielding a +0 short sword
              (4 damage)
             ... on level 1 of the Dungeon.
             The game lasted 00:00:53 (571 turns).

crimpus the Insei (Demigod Transmuter)               Turns: 571, Time: 00:00:54

Health: -3/22      AC:  2    Str: 11    XL:     2   Next: 42%
Magic:  6/7        EV: 12    Int: 15    God:
Gold:   31         SH:  0    Dex: 14    Spells: 4/5 levels left

rFire   . . .      SeeInvis .     - Unarmed
rCold   . . .      Faith    .   (no shield)
rNeg    . . .      Spirit   .   a - +0 robe
rPois   .          Reflect  .   (helmet currently unavailable)
rElec   .          Harm     .   (no cloak)
rCorr   .          Rampage  .   (no gloves)
Will    .....                   (boots currently unavailable)
Stlth   +.........              (no amulet)
HPRegen 0.07/turn               (no ring)
MPRegen 0.10/turn               (no ring)

@: appendages
A: horns 2, talons 2, high MP 1, forlorn, divine attributes
a: End Transformation


You were on level 1 of the Dungeon.
You had temporarily grown beastly horns and talons.
You visited 1 branch of the dungeon, and saw 1 of its levels.

You collected 31 gold pieces.

Inventory:

Armour
 a - a +0 robe (worn)
Potions
 b - 2 potions of brilliance {unknown}


   Skills:
 + Level 0.9 Fighting
 + Level 2.2 Dodging
 + Level 2.8 Unarmed Combat
 + Level 2.1 Spellcasting
 + Level 2.0 Transmutations


You had 4 spell levels left.
You knew the following spells:

 Your Spells              Type           Power      Damage    Failure   Level
a - Beastly Appendage     Tmut           14%        N/A       10%         1

Your spell library contained the following spells:

 Spells                   Type           Power      Damage    Failure   Level
 Wereblood                Tmut           7%         N/A       14%         2
 Spider Form              Tmut/Pois      4%         N/A       41%         3
 Ice Form                 Ice/Tmut       4%         N/A       82%         4


Dungeon Overview and Level Annotations

Branches:
Dungeon (1/15)


Innate Abilities, Weirdness & Mutations

You have temporarily grown beastly horns and talons.
You have an increased reservoir of magic. (+10% MP)
You shall have no god before yourself.
Your divine heritage dramatically boosts your attributes as you level up.


Message History

You are frozen.
* * * LOW HITPOINT WARNING * * *
Casting: Beastly Appendage (safe; 10% risk of failure)
Confirm with . or Enter, or press ? or * to list all spells.
You grow a pair of large bovine horns.
Your feet morph into talons.
The endoplasm hits you but does no damage.
You hit the endoplasm but do no damage. You claw the endoplasm.
You kill the endoplasm!
You hit the goblin.
You kill the goblin!
You start resting.
Your transformation is almost over.
Magic restored.
You start resting.
Your horns disappear.
Your talons disappear.
A kobold comes into view. It is wielding a +0 short sword.
A kobold is nearby!
A kobold is nearby!
A kobold is nearby!
A kobold is nearby!
You are too injured to fight recklessly!
You are too injured to fight recklessly!
You are too injured to fight recklessly!
You start resting.
A kobold is nearby!
A kobold is nearby!
A kobold is nearby!
A kobold is nearby!
You are too injured to fight recklessly!
You are too injured to fight recklessly!
You are too injured to fight recklessly!
Casting: Beastly Appendage (safe; 10% risk of failure)
Confirm with . or Enter, or press ? or * to list all spells.
You grow a pair of large bovine horns.
Your feet morph into talons.
The kobold hits you with a +0 short sword.
* * * LOW HITPOINT WARNING * * *
You completely miss the kobold. The kobold misses you.
You barely miss the kobold. Your headbutt misses the kobold.
The kobold hits you with a +0 short sword.
You die...

#...........# #.###...###.#
#.##8...8##.# #.###...###.#
#..##...# #.## #########
#####...###.## ........
#8...8#...) #....######
##...###.## # #..K@...#
#...# #.##
...##.#..####.####...###.##
....!...........#8...8#....
.#....#..h###...##...##..#.
#......J..>...............
........#.####..........###
......###.#............####
...... ..#####........#...
...... #.. ....^........


You could see a kobold.

Vanquished Creatures
  3 ball pythons (D:1)
  A bat (D:1)
  3 endoplasms (D:1)
  3 goblins (D:1)
  2 hobgoblins (D:1)
  3 jackals (D:1)
  A frilled lizard (D:1)
16 creatures vanquished.

Notes
Turn   | Place    | Note
-------+----------+-------------------------------------------
     0 | D:1      | crimpus the Demigod Transmuter began the quest for the Orb.
     0 | D:1      | Reached XP level 1. HP: 15/15 MP: 5/5
   294 | D:1      | Reached XP level 2. HP: 22/22 MP: 5/7
   569 | D:1      | HP: 1/22 [kobold/+0 short sword (4)]
   571 | D:1      | Slain by a kobold

Illustrated notes

Levels and vault maps discovered:
D:1:      sevenhm_arrival_forest_fort_large_4, layout_basic,
          serial_corexii_hall, corexii_hall_statues_i, chequers_hall_statues_y,
          corexii_hall_statues_l

Skill      XL: |  1  2 |
---------------+-------+-----
Spellcasting   | 2 |  2.1
Dodging        | 2 |  2.2
Transmutations | 2 |  2.0
Fighting       | |  0.9
Unarmed Combat | |  2.8

Action                   || total
-------------------------++-------
Melee: Unarmed           ||    44
       Headbutt          ||     5
       Kick              ||     4
 Cast: Beastly Appendage ||     8
Armor: Robe              ||     9
Dodge: Dodged            ||    35
